 Seeded DCSS version 0.31-a0-1-g4198be8af4 (webtiles) character file.

Game seed: 548224908236487523 (custom seed)

2781 Pimp the Covered (level 9, -14/57 HPs)
             Began as a Tengu Fighter on May 2, 2023.
             Was an Initiate of Qazlal.
             Killed from afar by a gargoyle (20 damage)
             ... with a stone arrow
             ... on level 7 of the Dungeon.
             The game lasted 00:10:27 (5630 turns).

Pimp the Covered (Tengu Fighter)                    Turns: 5630, Time: 00:10:28

Health: -14/57     AC: 11    Str: 21    XL:     9   Next: 70%
Magic:  10/10      EV: 11    Int:  9    God:    Qazlal [......]
Gold:   441        SH:  6    Dex: 13    Spells: 8/8 levels left

rFire   + . .        v - +8 lance "Wyrmbane" {slay drac, rPois rF+ rC+ AC+3}
rCold   + . .        c - +0 buckler
rNeg    . . .        b - +0 scale mail
rPois   +            (helmet restricted)
rElec   .            k - scarf {repulsion}
rCorr   .            (no gloves)
SInv    .            (boots unavailable)
Will    .....        (no amulet) Stlth
                     (no ring)
HPRegen 0.29/turn    (no ring)
MPRegen 0.12/turn

%: repel missiles
@: flying quickly and evasively, hasted, very quick
A: beak, talons 3, nimble flight
a: Renounce Religion


You were on level 7 of the Dungeon.
You worshipped Qazlal.
Qazlal was noncommittal.
You visited 2 branches of the dungeon, and saw 8 of its levels.

You collected 441 gold pieces.

Inventory:

Hand Weapons
 a - a +0 trident
 v - the +8 lance "Wyrmbane" (weapon) {slay drac, rPois rF+ rC+ AC+3}
   (You found it on level 3 of the Dungeon)

   AC:        It affects your AC (+3).
   rF:        It protects you from fire.
   rC:        It protects you from cold.
   rPois:     It protects you from poison.
Armour
 b - a +0 scale mail (worn)
 c - a +0 buckler (worn)
 i - a +0 cloak
 k - a scarf of repulsion (worn)
 q - a +0 chain mail
Jewellery
 e - a ring of positive energy
 r - a ring of ice
Wands
 z - a wand of paralysis (9)
 B - a wand of acid (11)
 E - a wand of polymorph (6)
 F - a wand of roots (6)
 I - a wand of mindburst (16)
Scrolls
 d - 5 scrolls of identify
 f - a scroll of blinking
 m - a scroll of magic mapping {unknown}
 p - 3 scrolls of enchant armour {unknown}
 s - 2 scrolls of noise {unknown}
 t - a scroll of fog
 u - 2 scrolls of fear
 w - a scroll of poison {unknown}
 y - a scroll of vulnerability {unknown}
 C - a scroll of torment {unknown}
 G - a scroll of immolation {unknown}
Potions
 g - a potion of magic {unknown}
 h - a potion of haste
 j - a potion of ambrosia
 l - 3 potions of heal wounds {unknown}
 n - 2 potions of flight
 o - a potion of mutation {unknown}
 x - a potion of brilliance {unknown}
 A - a potion of invisibility {unknown}
 D - a potion of attraction {unknown}


   Skills:
 + Level 7.2 Fighting
 + Level 7.4 Polearms
 + Level 7.9 Armour
 + Level 7.2 Shields


You had 8 spell levels left.
You didn't know any spells.
Your spell library contained the following spells:

 Spells                   Type           Power      Damage    Failure   Level
 Blink                    Tloc           0%         N/A       87%         2
 Lesser Beckoning         Tloc           0%         N/A       87%         2
 Momentum Strike          Conj/Tloc      0%         3d8       87%         2
 Portal Projectile        Hex/Tloc       0%         N/A       98%         3
 Tukima's Dance           Hex            0%         N/A       98%         3
 Blade Hands              Tmut           0%         N/A       100%        5


Dungeon Overview and Level Annotations

Branches:
Dungeon (7/15)             Temple (1/1) D:5

Altars:
Elyvilon
Fedhas
Hepliaklqana
Nemelex Xobeh
Okawaru
Qazlal
Sif Muna
Uskayaw
Vehumet
Xom
Zin
The Shining One

Shops:
D:4 *


Innate Abilities, Weirdness & Mutations

You have a beak for a mouth.
You have claws for feet.
Your magical nature lets you fly swiftly and evasively.


Message History

Aim: a gargoyle, wielding a +0 morningstar (about 18% to evade the +8 lance "Wyrmbane")
You reach to attack!
You hit the gargoyle but do no damage. You hit the gargoyle.
You claw the gargoyle!
The gargoyle is heavily damaged.
The gargoyle closely misses you.
You hit the gargoyle but do no damage. You claw the gargoyle.
The gargoyle is severely damaged.
You hit the gargoyle but do no damage.
The gargoyle is severely damaged.
The gargoyle hurls a stone arrow at you.
The stone arrow hits you.
You completely miss the gargoyle.
You claw the gargoyle, but do no damage.
The gargoyle is severely damaged.
The gargoyle hits you with a +0 morningstar!!
You hit the gargoyle but do no damage.
The gargoyle is severely damaged.
The gargoyle hits you with a +0 morningstar!
You hit the gargoyle but do no damage.
You claw the gargoyle, but do no damage.
The gargoyle is severely damaged.
You hit the gargoyle but do no damage.
You claw the gargoyle, but do no damage.
You peck the gargoyle, but do no damage.
The gargoyle is severely damaged.
The gargoyle hits you with a +0 morningstar!
* * * LOW HITPOINT WARNING * * *
You hit the gargoyle.
You peck the gargoyle, but do no damage.
The gargoyle is severely damaged.
You block the gargoyle's attack.
You feel better. The gargoyle barely misses you.
Found 18 gold pieces.
The gargoyle hurls a stone arrow at you.
The stone arrow hits you!
* * * LOW HITPOINT WARNING * * *
You feel yourself speed up.
The gargoyle hurls a stone arrow at you.
The stone arrow hits you!!
You die...

... ..# ...# #.# .#..# #.#
##...##.# ##....#$#
.##.###...# .#D###....#
.####. #@# ♣?....#
#.########
.####..##.>......#########
.#/###..#.######.##.......
.##.###.#9### #.##.###.##
.###........# #.##.# #.##
..##........# #.##.# #...
...#........####....###...
.....##...................


You could see an acid dragon and a gargoyle.

Vanquished Creatures
  Pikel (D:5)
  The ghost of TheSexyCheese the Firebug, an amateur DsFE (D:6)
  Duvessa (D:7)
  A water moccasin (D:7)
  2 black bears
  2 ice beasts
  3 ogres
  2 centaurs
  3 lemures (D:5)
  2 phantoms
  2 bullfrogs (D:6)
  2 scorpions (D:5)
  Dowan (D:7)
  2 jellies
  3 hounds
  4 orc priests
  4 iguanas
  2 orc wizards
  12 gnolls
  6 adders
  3 shadow imps (D:5)
  A white imp (D:7)
  An ufetubus (D:5)
  5 worms
  2 dart slugs
  22 orcs
  3 bats
  10 endoplasms
  2 giant cockroaches (D:2)
  10 goblins
  11 hobgoblins
  3 jackals (D:1)
  5 kobolds
  2 quokkas
  7 ball pythons
  2 frilled lizards (D:1)
  4 rats
149 creatures vanquished.

Vanquished Creatures (others)
  A plant (D:3)
1 creature vanquished.

Grand Total: 150 creatures vanquished

Notes
Turn   | Place    | Note
-------+----------+-------------------------------------------
     0 | D:1      | Pimp the Tengu Fighter began the quest for the Orb.
     0 | D:1      | Reached XP level 1. HP: 14/14 MP: 2/2
   103 | D:1      | Reached XP level 2. HP: 13/19 MP: 3/3
   594 | D:2      | You fall into a shaft and drop 1 floor!
   705 | D:2      | Reached XP level 3. HP: 15/23 MP: 4/4
   950 | D:2      | Found a faded altar of an unknown god.
  1180 | D:2      | Reached XP level 4. HP: 13/28 MP: 5/5
  1814 | D:3      | Gained mutation: Your magical nature lets you fly swiftly
                  | and evasively. [Tengu growth]
  1814 | D:3      | Reached XP level 5. HP: 33/33 MP: 6/6
  2170 | D:3      | Found a shimmering altar of Xom.
  2213 | D:3      | Found the +8 lance "Wyrmbane" {slay drac, rPois rF+ rC+
                  | AC+3}
  2717 | D:4      | Reached XP level 6. HP: 38/38 MP: 7/7
  2991 | D:4      | Noticed a black bear
  2999 | D:4      | Killed a black bear
  3000 | D:4      | Reached skill level 5 in Armour
  3000 | D:4      | Reached XP level 7. HP: 42/44 MP: 8/8
  3083 | D:4      | Found Wiajugh's General Store.
  3176 | D:5      | Entered Level 5 of the Dungeon
  3190 | D:5      | Reached skill level 5 in Fighting
  3190 | D:5      | Reached skill level 5 in Shields
  3225 | D:5      | Noticed Pikel
  3241 | D:5      | Killed Pikel
  3242 | D:5      | Reached skill level 5 in Polearms
  3242 | D:5      | Reached XP level 8. HP: 35/50 MP: 9/9
  3962 | D:5      | Reached XP level 9. HP: 56/56 MP: 10/10
  4018 | D:5      | Found a staircase to the Ecumenical Temple.
  4023 | Temple   | Entered the Ecumenical Temple
  4133 | Temple   | Became a worshipper of Qazlal Stormbringer
  4245 | D:5      | Found a sparkling altar of Nemelex Xobeh.
  4836 | D:6      | Found a runed translucent door.
  4843 | D:6      | Noticed TheSexyCheese's ghost (amateur DsFE)
  4862 | D:6      | Killed TheSexyCheese's ghost
  5306 | D:7      | Found a blossoming altar of Fedhas.
  5555 | D:7      | Noticed Duvessa
  5555 | D:7      | Noticed Dowan
  5562 | D:7      | Killed Duvessa
  5565 | D:7      | Killed Dowan
  5610 | D:7      | Noticed a gargoyle
  5630 | D:7      | Killed from afar by a gargoyle

Illustrated notes

Levels and vault maps discovered:
D:1:      evilmike_arrival_rings, layout_rooms, serial_glass, glass_columns_c,
          glass_columns_a, glass_columns_a, glass_columns_a
D:2:      layout_loops_corners, shapermc_ecumenical_altar_totnotflames
D:3:      corexii_shack_village, layout_loops_ring, amcnicky_altar_gilded,
          st_stairs_13, chequers_serial_rivers_room_a
D:4:      minmay_angry_zag, layout_rooms, serial_shops, kennysheep_mini
D:5:      nicolae_cairo_tiling, layout_basic, nemelex_altar_shiori,
          temple_statues, minmay_misc_feat_tiny, uniq_pikel
D:6:      layout_loops_ring, ebering_ghost_sewer_d
D:7:      layout_loops_ring, fedhas_altar_decomposition, kb_rosetta,
          uniq_duvessa
Temple:   bh_familiar_temple

Skill      XL: |  1  2  3  4  5  6  7  8  9 |
---------------+----------------------------+-----
Polearms       | 3 4 5 6 7 |  7.4
Armour         | 4 5 6 7 |  7.9
Fighting       | 4 5 6 7 |  7.2
Shields        | 4 5 6 7 |  7.2

Action                     |  1- 3 |  4- 6 |  7- 9 || total
---------------------------+-------+-------+-------++-------
  Melee: Trident           |    65 |    61 |       ||   126
         Kick              |    13 |    32 |    59 ||   104
         Peck              |     8 |    23 |    31 ||    62
         Lance             |       |    52 |   167 ||   219
    Use: Scroll            |       |       |     7 ||     7
         Potion            |       |       |     4 ||     4
 Armour: Scale mail        |    35 |    41 |    51 ||   127
  Dodge: Dodged            |    28 |    42 |    53 ||   123
  Block: Buckler           |    18 |    13 |    32 ||    63

Table legend: (Time is in decaauts)
 A = Elapsed time spent in this place.
 B = Non-inter-level travel time spent in this place.
 C = Inter-level travel time spent in this place.
 D = Time resting spent in this place.
 E = Time spent auto-exploring this place.
 F = Levels seen in this place.
 G = Mean time per level.
                   A        B        C        D        E       F      G
               +--------+--------+--------+--------+--------+-----+--------+
         Total |   5354 |   5167 |    187 |    321 |   3811 |   8 |  669.2 |
       Dungeon |   5226 |   5080 |    146 |    321 |   3730 |   7 |  746.6 |
        Temple |    127 |     87 |     40 |      0 |     80 |   1 |  127.0 |
               +--------+--------+--------+--------+--------+-----+--------+

Top non-repeatable levels by time:
     D:2: 1079 daAuts
     D:5: 1035 daAuts
     D:3: 904 daAuts
     D:1: 681 daAuts
     D:6: 635 daAuts
     D:7: 461 daAuts
     D:4: 428 daAuts
  Temple: 127 daAuts
